 Dungeon Crawl Stone Soup version 0.29.1-1-gd02db69 (webtiles) character file.

Game seed: 3756952558914477282

1115 Kel the Cleaver (level 8, -1/69 HPs)
             Began as a Gargoyle Berserker on Nov 25, 2022.
             Was a Priest of Trog.
             Splashed by a jelly's acid (3 damage)
             ... on level 6 of the Dungeon.
             The game lasted 00:07:05 (5377 turns).

Kel the Cleaver (Gargoyle Berserker)                Turns: 5377, Time: 00:07:06

Health: -1/69      AC:  8    Str: 28    XL:     8   Next: 34%
Magic:  8/8        EV:  8    Int:  9    God:    Trog [***...]
Gold:   300        SH:  0    Dex:  9    Spells: 7/7 levels left

rFire   . . .      SeeInvis .   a - +0 hand axe
rCold   . . .      Faith    .   (no shield)
rNeg    + . .      Spirit   .   l - +0 chain mail
rPois   ∞          Reflect  .   n - +0 helmet
rElec   +          Harm     .   (no cloak)
rCorr   .          Rampage  .   (no gloves)
Will    .....                   o - +0 pair of boots
Stlth   ..........              (no amulet)
HPRegen 0.21/turn               m - +4 ring of protection
MPRegen 0.11/turn               y - +6 ring of strength

@: berserking, corroded, very quick
A: sickness immunity, AC +5, negative energy resistance 1, electricity
resistance, torment resistance 1, petrification resistance
a: Renounce Religion, Berserk, Trog's Hand


You were on level 6 of the Dungeon.
You worshipped Trog.
Trog was most pleased with you.
You visited 1 branch of the dungeon, and saw 6 of its levels.

You collected 300 gold pieces.

Inventory:

Hand Weapons
 a - a +0 hand axe (weapon)
Missiles
 F - 2 throwing nets (quivered)
Armour
 l - a +0 chain mail (worn)
 n - a +0 helmet (worn)
 o - a +0 pair of boots (worn)
Jewellery
 m - a +4 ring of protection (left hand)
 t - a ring of protection from cold
 y - a +6 ring of strength (right hand)
 z - a ring of willpower
Wands
 v - a wand of paralysis (9)
Scrolls
 b - 5 scrolls of identify {unknown}
 f - 2 scrolls of amnesia {unknown}
 g - a scroll of magic mapping {unknown}
 h - a scroll of fog {unknown}
 j - 2 scrolls of teleportation {unknown}
 k - a scroll of enchant weapon {unknown}
 p - a scroll of poison {unknown}
 q - a scroll of brand weapon {unknown}
 s - 3 scrolls of immolation {unknown}
 u - a scroll of fear {unknown}
 w - a scroll of vulnerability {unknown}
 B - a scroll of silence {unknown}
 C - a scroll of enchant armour {unknown}
Potions
 c - a potion of magic {unknown}
 d - 2 potions of berserk rage {unknown}
 e - 5 potions of curing {unknown}
 i - 2 potions of flight {unknown}
 r - a potion of brilliance {unknown}
 x - 2 potions of heal wounds {unknown}
 A - a potion of lignification {unknown}
 D - a potion of invisibility {unknown}
 E - a potion of mutation {unknown}


   Skills:
 - Level 3.2 Fighting
 + Level 9.2 Axes
 - Level 2.1 Armour
 - Level 1.5 Dodging


You had 7 spell levels left.
You didn't know any spells.
Your spell library was empty.

Dungeon Overview and Level Annotations

Branches:
Dungeon (6/15)
 Temple: D:4-7

Altars:
Fedhas
Gozag
Okawaru
Sif Muna

Annotations:
D:6 1 transporter


Innate Abilities, Weirdness & Mutations

You are immune to sickness and miasma.
Your stone body is resilient. (AC +5)
You are immune to poison.
You resist negative energy. (rN+)
You are resistant to electric shocks. (rElec)
You are resistant to unholy torment.
You are immune to petrification.


Message History

You are too injured to fight recklessly!
You are too injured to fight recklessly!
The centaur unwields a +0 shortbow.
The centaur completely misses you.
The centaur kicks you but does no damage.
The jelly hits you.
You are splashed with acid!
The centaur hits you but does no damage.
The centaur kicks you.
You barely miss the jelly.
The jelly is severely wounded.
You hit the centaur but do no damage. The centaur barely misses you.
The centaur closely misses you. The jelly barely misses you.
You hit the jelly.
Your hands burn!
The jelly is severely wounded.
You hit the centaur but do no damage. The centaur hits you.
* * * LOW HITPOINT WARNING * * *
The centaur kicks you but does no damage.
The jelly barely misses you.
You hit the jelly but do no damage. The acid corrodes you!
Your hands burn!
* * * LOW HITPOINT WARNING * * *
The jelly is severely wounded.
You hit the centaur but do no damage.
The centaur hits you but does no damage.
The centaur barely misses you. The jelly hits you but does no damage.
You hit the jelly but do no damage.
Your hands burn!
* * * LOW HITPOINT WARNING * * *
The jelly is severely wounded.
You slash the centaur! The centaur barely misses you.
The centaur kicks you but does no damage.
The centaur hits you.
* * * LOW HITPOINT WARNING * * *
The centaur kicks you but does no damage.
A red film seems to cover your vision as you go berserk!
You feel yourself moving faster!
You feel mighty! The jelly hits you.
* * * LOW HITPOINT WARNING * * *
You are splashed with acid!
* * * LOW HITPOINT WARNING * * *
The centaur hits you but does no damage.
The centaur barely misses you.
You hit the jelly but do no damage. The acid corrodes you!
Your hands burn!
You die...

..#
##..............#..#./#..~~
..#
##.............##.#P.#≈≈≈≈
..# ##............##.#8P#o.
..# #............# .######
..########.#.[....##+##
.......
..'......#......#.....#
#######
..######.####...#.....# ###
#.# #....#.....# #.#
#....@>....# ######.#
#+###Jc....# #......#
#h....... #......#
#.)...... #......#
#........ #....>##
#........ #....)'#
#........ #(....##
..#####.. #.....#


You could see a centaur, a hound and a jelly.

Vanquished Creatures
  A hornet (D:4)
  An ogre (D:6)
  A bullfrog (D:5)
  2 scorpions
  3 howler monkeys
  A human zombie (D:5)
  An orc priest (D:3)
  A hound (D:5)
  A gnoll bouda (D:4)
  2 jellies
  5 iguanas
  4 adders
  10 gnolls
  A shadow imp (D:5)
  4 dart slugs
  12 orcs
  7 ball pythons
  4 endoplasms
  A giant cockroach (D:4)
  3 goblins
  7 hobgoblins
  3 kobolds
  5 quokkas
  4 bats
  A frilled lizard (D:1)
  7 rats
92 creatures vanquished.

Notes
Turn   | Place    | Note
-------+----------+-------------------------------------------
     0 | D:1      | Kel the Gargoyle Berserker began the quest for the Orb.
     0 | D:1      | Reached XP level 1. HP: 14/14 MP: 1/1
   160 | D:1      | Reached skill level 3 in Axes
   180 | D:1      | Reached XP level 2. HP: 18/19 MP: 2/2
   414 | D:1      | Found a faded altar of an unknown god.
   994 | D:2      | Reached XP level 3. HP: 19/23 MP: 3/3
  1275 | D:2      | Reached skill level 4 in Axes
  1529 | D:3      | Reached ** piety under Trog
  1626 | D:3      | Reached XP level 4. HP: 19/28 MP: 4/4
  2023 | D:3      | Reached skill level 5 in Axes
  2024 | D:3      | Reached XP level 5. HP: 26/32 MP: 5/5
  2591 | D:4      | Noticed a hornet
  2605 | D:4      | Killed a hornet
  2606 | D:4      | Reached skill level 6 in Axes
  2606 | D:4      | Reached XP level 6. HP: 9/37 MP: 6/6
  2956 | D:4      | Reached skill level 7 in Axes
  2956 | D:4      | Reached XP level 7. HP: 23/41 MP: 7/7
  3156 | D:4      | Found an iron altar of Okawaru.
  3160 | D:4      | Found a blossoming altar of Fedhas.
  3160 | D:4      | Found a shimmering blue altar of Sif Muna.
  3165 | D:4      | Found an opulent altar of Gozag.
  3589 | D:5      | Entered Level 5 of the Dungeon
  4141 | D:5      | Reached skill level 8 in Axes
  4383 | D:5      | Found a sand-covered staircase.
  4606 | D:6      | Reached XP level 8. HP: 44/46 MP: 8/8
  4959 | D:6      | Found a transporter.
  4978 | D:6      | Reached skill level 9 in Axes
  5015 | D:6      | Reached *** piety under Trog
  5376 | D:6      | HP: 2/69 [acid (8)]
  5377 | D:6      | Splashed by a jelly's acid

Illustrated notes

Levels and vault maps discovered:
D:1:      roderic_chinese_lattice_arrival, layout_basic,
          ebering_ecumenical_altar_abandoned
D:2:      layout_basic
D:3:      layout_rooms
D:4:      layout_cave_pools, chequers_temple_overflow_statue_of_worship,
          grunt_gozag_breadcrumbs
D:5:      layout_rooms, enter_ossuary_3
D:6:      gammafunk_wand_slinger, layout_basic,
          minmay_temple_entry_enclosed_plants, abandoned_shop

Skill      XL: |  1  2  3  4  5  6  7  8 |
---------------+-------------------------+-----
Axes           | 3 4 5 6 7 8 9 |  9.2
Fighting       | |  3.2
Armour         | |  2.1
Dodging        | |  1.5

Action                   |  1- 3 |  4- 6 |  7- 9 || total
-------------------------+-------+-------+-------++-------
Melee: Hand axe          |   111 |   104 |   207 ||   422
       Punch             |       |     3 |     4 ||     7
Invok: Berserk           |     1 |     2 |     1 ||     4
Armor: Animal skin       |     6 |       |       ||     6
       Ring mail         |    49 |       |       ||    49
       Chain mail        |       |    81 |   118 ||   199
Dodge: Dodged            |    84 |    50 |    81 ||   215
